Map: Acropolis LE

Players

IIIIIIIIIIII

  • Race: Protoss Protoss
  • League: Master
  • Spawn Location: 5:00

PYTHXG - Winner!

  • Race: Zerg Zerg
  • League: Diamond
  • Spawn Location: 11:00

VOD

Have the link to the VOD?

Description

Time

  • Played on: May 30, 2019, 2:59 a.m.
  • Length: 16:46
Show
View Real Time Build Order
Export as new Build Order

IIIIIIIIIIII Protoss 

Build Orders: 1 Gate Expand, Carriers 

Get SALT Encoding   

  12  0:01  Probe  
  13  0:13  Probe  
  14  0:20  Pylon  
  14  0:25  Probe  
  15  0:38  Probe  
  16  0:44  Gateway  
  16  0:48  Probe  
  16  0:55  Assimilator  
  16  0:56  Probe  
  18  1:05  Probe  
  19  1:13  Probe  
  20  1:30  Nexus  
  20  1:41  Cybernetics Core  
  20  1:43  Probe  
  21  1:47  Assimilator  
  21  1:55  Probe  
  21  2:00  Pylon  
  22  2:07  Probe  
  23  2:09  Adept  
  23  2:19  Probe  
  26  2:22  Twilight Council  
  26  2:29  Resonating Glaives  
  26  2:31  Probe  
  27  2:42  Probe  
  27  2:43  Probe  
  29  2:44  Adept  
  29  2:45  Warp Gate  
  31  2:51  Shield Battery  
  31  2:54  Probe  
  31  2:55  Probe  
  33  3:06  Probe  
  33  3:07  Probe  
  35  3:14  Adept  
  35  3:18  Probe  
  35  3:19  Probe  
  39  3:22  Pylon  
  39  3:30  Probe  
  39  3:32  Probe  
  41  3:44  Probe x2  
  43  3:48  Gateway  
  43  3:50  Gateway  
  43  3:52  Adept  
  45  3:57  Probe x2  
  47  4:09  Nexus  
  47  4:10  Pylon, Probe x2  
  47  4:13  Pylon  
  49  4:22  Probe  
  49  4:23  Probe  
  51  4:32  Dark Shrine  
  51  4:34  Probe  
  51  4:35  Probe  
  53  4:39  Assimilator  
  53  4:41  Assimilator  
  53  4:45  Adept x3  
  59  4:47  Probe x2  
  61  4:57  Stargate  
  61  4:59  Stargate  
  61  5:06  Protoss Air Weapons Level 1  
  61  5:07  Pylon  
  61  5:09  Adept x2  
  61  5:10  Forge  
  61  5:11  Adept  
  67  5:18  Probe x2  
  69  5:21  Probe  
  69  5:24  Shield Battery  
  69  5:27  Shield Battery  
  70  5:30  Probe x2  
  70  5:33  Probe  
  73  5:39  Pylon  
  73  5:42  Photon Cannon, Probe x2  
  75  5:43  Photon Cannon  
  73  6:10  Phoenix x2  
  63  6:28  Photon Cannon  
  63  6:29  Photon Cannon  
  63  6:30  Phoenix x2  
  63  6:31  Photon Cannon  
  63  6:33  Photon Cannon  
  63  6:34  Photon Cannon  
  63  6:35  Shield Battery  
  63  6:36  Shield Battery, Probe x3  
  63  6:37  Shield Battery, Photon Cannon  
  58  6:47  Phoenix x2  
  70  6:48  Probe x2  
  72  6:58  Probe  
  72  7:00  Probe x2  
  79  7:01  Assimilator  
  79  7:04  Assimilator  
  79  7:10  Probe  
  79  7:12  Phoenix x2  
  84  7:17  Probe x2  
  86  7:24  Protoss Air Armor Level 1  
  86  7:26  Dark Templar  
  86  7:27  Dark Templar x2  
  92  7:37  Phoenix x2  
  96  7:47  Nexus  
  85  8:14  Phoenix x2  
  85  8:17  Adept x2  
  85  8:18  Adept  
  95  8:30  Fleet Beacon, Stargate  
  95  8:31  Pylon  
  95  8:32  Pylon  
  95  8:33  Probe x3  
  96  8:37  Phoenix x2  
  100  8:42  Pylon  
  100  8:46  Pylon x2  
  100  8:48  Pylon  
  100  8:52  Assimilator  
  100  8:54  Phoenix x2  
  100  8:57  Assimilator  
  100  8:59  Dark Templar  
  100  9:00  Dark Templar  
  108  9:05  Photon Cannon  
  108  9:06  Photon Cannon  
  108  9:07  Photon Cannon  
  108  9:08  Photon Cannon  
  108  9:10  Photon Cannon  
  108  9:11  Archon, Photon Cannon  
  108  9:13  Shield Battery x2  
  108  9:15  Phoenix, Shield Battery  
  110  9:18  Phoenix x2  
  110  9:21  Pylon, Cybernetics Core  
  114  9:24  Photon Cannon  
  102  9:33  Phoenix  
  102  9:35  Phoenix x2  
  101  9:55  Phoenix  
  103  10:07  Nexus  
  103  10:08  Pylon  
  103  10:12  Pylon  
  100  10:27  Dark Templar x3  
  102  10:34  Probe x3  
  90  10:36  Photon Cannon  
  90  10:37  Photon Cannon  
  90  10:38  Photon Cannon  
  90  10:46  Photon Cannon, Probe x2  
  90  10:47  Photon Cannon  
  90  10:48  Photon Cannon  
  90  10:49  Shield Battery  
  92  10:50  Shield Battery  
  92  10:55  Photon Cannon x2  
  92  10:56  Shield Battery, Probe  
  93  10:58  Probe x2  
  95  11:08  Probe  
  95  11:10  Probe  
  95  11:11  Carrier  
  95  11:22  Probe x3  
  104  11:30  Carrier  
  104  11:32  Photon Cannon  
  110  11:48  Probe  
  110  11:49  Probe x2  
  110  11:51  Probe  
  114  11:59  Dark Templar, Photon Cannon  
  116  12:03  Pylon  
  116  12:06  Carrier  
  116  12:08  Probe x2  
  118  12:14  Archon x2  
  118  12:20  Carrier  
  124  12:28  Protoss Air Weapons Level 2, Probe x3, Protoss Air Armor Level 2  
  124  12:29  Probe  
  128  12:33  Carrier  
  134  12:43  Templar Archives  
  134  12:44  Gateway  
  140  12:58  Assimilator  
  140  13:02  Psionic Storm  
  140  13:03  Dark Templar x2  
  144  13:07  Pylon, Carrier  
  144  13:08  Pylon  
  150  13:27  Archon  
  150  13:36  Photon Cannon  
  150  13:39  Shield Battery, Carrier  
  150  13:40  Carrier  
  149  13:42  Photon Cannon  
  161  13:57  High Templar x3  
  167  14:11  High Templar  
  125  14:38  Dark Templar x3  
  122  14:39  Carrier  
  120  14:46  Carrier  
  125  14:58  Nexus  
  130  15:12  Forge  
  130  15:14  Shield Battery  
  130  15:17  Dark Templar  
  130  15:18  Shield Battery  
  130  15:19  Assimilator  
  132  15:21  Archon x2  
  132  15:24  High Templar x2  
  136  15:30  Probe x2  
  136  15:31  Probe  
  139  15:35  Carrier  
  139  15:40  High Templar  
  145  16:11  Archon  
  92  16:30  Dark Templar  
Show
View Real Time Build Order
Export as new Build Order

PYTHXG Zerg - Winner!

Build Orders: 3 Hatch before Pool, Roach Hydra 

Get SALT Encoding   

  12  0:01  Drone  
  13  0:13  Overlord  
  13  0:17  Drone  
  14  0:22  Extractor, Drone  
  15  0:47  Hatchery  
  15  0:49  Drone  
  15  0:53  Drone  
  16  0:57  Drone  
  16  1:04  Drone  
  18  1:25  Hatchery  
  17  1:28  Drone, Extractor  
  17  1:42  Spawning Pool  
  17  1:44  Drone  
  17  1:47  Drone  
  18  1:51  Drone  
  19  1:57  Drone  
  19  1:58  Drone  
  21  2:08  Drone  
  22  2:13  Drone  
  23  2:20  Drone  
  24  2:38  Queen x3  
  24  2:40  Zergling x2  
  24  2:41  Zergling x2  
  32  2:48  Overlord  
  32  2:50  Metabolic Boost  
  32  2:53  Drone  
  33  3:02  Zergling x2  
  33  3:04  Overlord  
  34  3:11  Drone x5  
  39  3:17  Queen  
  41  3:21  Overlord  
  40  3:38  Zergling x2  
  40  3:39  Zergling x4  
  40  3:40  Drone x4  
  47  3:56  Roach Warren  
  47  3:57  Overlord  
  47  3:58  Drone x7  
  53  4:04  Drone x3  
  53  4:06  Overlord  
  56  4:20  Drone x2, Extractor, Overlord x2  
  56  4:21  Extractor  
  55  4:35  Overlord x2  
  55  4:39  Lair  
  55  4:43  Roach  
  55  4:44  Roach x3  
  55  4:45  Roach  
  65  4:53  Drone x2  
  65  4:55  Drone x5, Roach x2  
  76  5:05  Drone x6  
  82  5:24  Drone x4  
  82  5:26  Drone x8  
  94  5:33  Drone x2  
  96  5:39  Hatchery  
  96  5:40  Evolution Chamber  
  96  5:41  Evolution Chamber  
  96  5:42  Roach x3  
  99  5:49  Roach x3  
  103  6:12  Drone x3  
  101  6:22  Glial Reconstitution, Zerg Missile Weapons Level 1  
  101  6:24  Drone x2  
  103  6:26  Hydralisk Den  
  103  6:29  Drone x3, Extractor  
  103  6:30  Extractor, Drone x2  
  103  6:31  Overlord  
  103  6:32  Extractor, Overlord x3  
  104  6:39  Zerg Ground Armor Level 1  
  104  6:41  Overseer  
  104  6:54  Drone x2  
  106  7:04  Muscular Augments  
  106  7:11  Drone x13  
  106  7:13  Overlord x4  
  106  7:14  Overlord  
  119  7:23  Hydralisk  
  119  7:24  Hydralisk x5  
  131  7:32  Hydralisk x8  
  147  7:39  Spore Crawler  
  147  7:40  Spore Crawler  
  147  7:42  Spore Crawler  
  147  7:43  Spore Crawler x3  
  141  7:46  Hydralisk x4  
  140  8:00  Hydralisk  
  140  8:01  Hydralisk x4  
  143  8:06  Overlord x3  
  143  8:11  Spine Crawler  
  142  8:13  Overlord x2  
  142  8:15  Spine Crawler x2  
  140  8:20  Spine Crawler  
  139  8:30  Queen  
  139  8:32  Drone  
  141  8:36  Hydralisk x2  
  141  8:37  Roach x9  
  141  8:38  Roach  
  165  8:43  Drone x3  
  168  8:56  Grooved Spines  
  168  8:57  Zerg Missile Weapons Level 2, Zerg Ground Armor Level 2  
  168  8:59  Drone x4  
  168  9:00  Drone x2  
  174  9:04  Spore Crawler  
  174  9:05  Drone x2  
  174  9:06  Spine Crawler  
  174  9:07  Spine Crawler  
  174  9:08  Overseer x2  
  173  9:10  Pneumatized Carapace  
  173  9:16  Overlord x2  
  173  9:17  Overlord  
  172  9:29  Hydralisk x4  
  172  9:30  Hydralisk  
  172  9:38  Hydralisk  
  172  9:39  Hydralisk x3  
  174  9:52  Hydralisk  
  174  9:53  Hydralisk x3  
  174  9:58  Drone x7  
  174  9:59  Drone x5  
  194  10:01  Extractor  
  194  10:02  Extractor  
  192  10:10  Hatchery  
  192  10:11  Spire  
  174  10:14  Infestation Pit  
  174  10:17  Hydralisk x2  
  153  10:32  Zergling x30  
  146  10:44  Hydralisk x6  
  146  10:49  Overseer  
  152  10:51  Hydralisk x2  
  150  11:04  Hydralisk x7  
  150  11:05  Hydralisk  
  164  11:13  Hydralisk  
  164  11:14  Hydralisk  
  155  11:31  Drone x8  
  161  11:38  Hatchery  
  155  11:45  Spine Crawler, Corruptor  
  155  11:46  Extractor, Corruptor x5  
  164  11:47  Spore Crawler, Spine Crawler x2  
  164  11:48  Spine Crawler  
  164  11:49  Spore Crawler  
  164  11:50  Spine Crawler  
  158  12:06  Corruptor x5  
  167  12:09  Overlord x2  
  167  12:13  Hive  
  167  12:25  Extractor  
  166  12:32  Corruptor x4  
  166  12:35  Zergling x18  
  183  12:37  Overlord  
  183  12:56  Hydralisk x3, Roach x5  
  199  13:12  Zerg Flyer Weapons Level 1  
  199  13:27  Zerg Missile Weapons Level 3, Zerg Ground Armor Level 3  
  199  13:30  Adrenal Glands  
  199  13:32  Spore Crawler  
  199  13:33  Spine Crawler  
  188  13:54  Spire  
  187  13:58  Drone x7  
  192  14:23  Hydralisk x12  
  182  14:26  Corruptor  
  182  14:27  Corruptor x4  
  194  14:34  Zergling x2  
  194  14:35  Zergling x20  
  194  14:37  Corruptor  
  194  14:38  Zergling x2  
  178  14:48  Corruptor  
  178  14:49  Corruptor x8  
  172  14:56  Hydralisk x4  
  172  15:01  Drone, Extractor x2  
  171  15:11  Zergling x14  
  178  15:14  Overseer x2  
  178  15:15  Overseer  
  178  15:23  Hydralisk x4  
  178  15:25  Zergling x2  
  178  15:26  Zergling x6  
  190  15:55  Hatchery  
  154  16:11  Hydralisk x7  
  154  16:12  Hydralisk x9  
  154  16:17  Hydralisk x2  
  172  16:24  Roach x3  
Tags
 
Add a new tag
Caveats
  • Supply blocks, unpowered buildings, or Contaminate may cause inaccurate times.
  • Supply counts are checked every 10 seconds.